[Event "Titled Tuesday Blitz April 18 Early 2023"]
[White "Jiganchine, Roman"]
[Black "Hirneise, Jens"]
[WhiteFideId "2603667"]
[BlackFideId "24614734"]
[WhiteElo "2268"]
[BlackElo "2345"]
[Result "1-0"]
[Round "01"]
[TimeControl "180+2"]
[Date "2023.04.18"]
[WhiteClock "0:00:13"]
[BlackClock "0:00:18"]

1. e4 c5 2. Nf3 e6 3. g3 d5 4. exd5 Qxd5 5. Bg2 Nf6 6. O-O Be7 7. d4 O-O 8. c4 Qd8 9. Nc3 cxd4 10. Nxd4 a6 11. Bf4 Nbd7 12. Qe2 Qa5 13. Nb3 Qh5 14. Rad1 Qxe2 15. Nxe2 e5 16. Be3 Ng4 17. Bc1 Rb8 18. Nc3 Ngf6 19. Rfe1 Re8 20. h3 Bb4 21. Bd2 Bf8 22. a3 Nc5 23. Nxc5 Bxc5 24. b4 Bb6 25. Bg5 h6 26. Bxf6 gxf6 27. Nd5 Bd8 28. Kh2 Be6 29. f4 exf4 30. Nxf4 Bc7 31. Nd5 Bxd5 32. Bxd5 Rxe1 33. Rxe1 Be5 34. Re2 b6 35. Kg2 Kf8 36. Kf3 Ke7 37. Kg4 Rg8+ 38. Kh4 Rxg3 39. Rxe5+ fxe5 40. Kxg3 f5 41. Bg8 a5 42. Bh7 axb4 43. axb4 Ke6 44. Kf3 Kf6 45. Ke3 Ke6 46. Kd3 Kf6 47. Bg8 Ke7 48. Bd5 Kd6 49. Bg2 Ke6 50. Bf1 Kd6 51. Ke3 Ke6 52. Bd3 Kf6 53. Bc2 Ke6 54. Bb3 Kd6 55. Bc2 Ke6 56. Kf3 Kf6 57. h4 Ke6 58. Ke3 Kf6 59. Kd2 Ke6 60. Kc3 Kf6 61. c5 bxc5 62. bxc5 Ke6 63. Kc4 e4 64. Kd4 Kf6 65. Bb3 Ke7 66. Ke5 e3 67. Bc4 Kd7 68. Kxf5 Kc6 69. Kg6 Kxc5 70. Be2 Kd6 71. Kxh6 Ke7 72. Kg7 1-0


[Site "https://www.chess.com"]

[Event "Titled Tuesday Blitz April 18 Early 2023"]
[White "Fiorito, Francisco"]
[Black "Kyaw Lay Htaik"]
[WhiteFideId "180165"]
[BlackFideId "13002007"]
[WhiteElo "2341"]
[BlackElo "2261"]
[Result "0-1"]
[Round "01"]
[TimeControl "180+2"]
[Date "2023.04.18"]
[WhiteClock "0:00:05"]
[BlackClock "0:00:38"]

1. d4 Nf6 2. Nc3 d5 3. Bf4 a6 4. e3 Bf5 5. f3 c5 6. g4 cxd4 7. exd4 Bg6 8. h4 h6 9. Bd3 Bxd3 10. Qxd3 e6 11. Nge2 Nc6 12. a3 Be7 13. O-O-O Rc8 14. g5 Nh5 15. g6 O-O 16. Rdg1 Nxf4 17. Nxf4 Qd6 18. gxf7+ Rxf7 19. Nh5 e5 20. Rg6 e4 21. Rxd6 exd3 22. Rd7 Bg5+ 23. hxg5 Rxd7 24. gxh6 Nxd4 25. cxd3 Nxf3 26. hxg7 Rc6 27. Rf1 Rf7 28. Kd1 Rh6 29. Ng3 Rg6 30. Nge2 d4 31. Ne4 Rgxg7 32. Nd6 Rd7 33. Nf5 Nh2 34. Rh1 Rg2 35. Nfxd4 Ng4 36. Rh5 Nf6 37. Rf5 Kg7 38. b4 Nd5 39. Kd2 Nxb4 40. Ne6+ Kg6 41. axb4 Kxf5 42. Nc5 Re7 43. Ne4 Rxe4 44. dxe4+ Kxe4 45. Kd1 Rxe2 46. Kxe2 Kd4 47. Kd2 Kc4 48. b5 Kxb5 0-1


[Site "https://www.chess.com"]

[Event "Titled Tuesday Blitz April 18 Early 2023"]
[White "babbilator"]
[Black "Sukandar, Irine Kharisma"]
[BlackFideId "7101937"]
[WhiteElo "2258"]
[BlackElo "2315"]
[Result "0-1"]
[Round "01"]
[TimeControl "180+2"]
[Date "2023.04.18"]
[WhiteClock "0:00:04"]
[BlackClock "0:00:23"]

1. e4 c5 2. Nc3 a6 3. Nf3 b5 4. d4 cxd4 5. Nxd4 Bb7 6. Bd3 d6 7. O-O Nf6 8. Re1 Nbd7 9. a4 b4 10. Nd5 e5 11. Nb3 Nxd5 12. exd5 Be7 13. Bd2 a5 14. c3 bxc3 15. Bxc3 O-O 16. Bb5 Nf6 17. Bc6 Bxc6 18. dxc6 Qb6 19. Nd2 Qxc6 20. Qe2 Nd5 21. Qf3 Rfc8 22. Rac1 Nf4 0-1


[Site "https://www.chess.com"]

[Event "Titled Tuesday Blitz April 18 Early 2023"]
[White "Tasev, Dejan"]
[Black "Kalajzic, Ivan"]
[WhiteFideId "936618"]
[BlackFideId "14506378"]
[WhiteElo "2244"]
[BlackElo "2203"]
[Result "1-0"]
[Round "01"]
[TimeControl "180+2"]
[Date "2023.04.18"]
[WhiteClock "0:00:34"]
[BlackClock "0:00:33"]

1. e4 Nc6 2. Nc3 Nf6 3. Nf3 d6 4. d4 Bg4 5. Be3 a6 6. Be2 e5 7. dxe5 dxe5 8. a3 Bxf3 9. Bxf3 Nd4 10. O-O Bc5 11. Bg5 c6 12. Qd3 h6 13. Be3 Nxf3+ 14. gxf3 Qxd3 15. cxd3 Bxe3 16. fxe3 O-O-O 17. Rad1 Rd6 18. Rd2 Rhd8 19. Rfd1 Kd7 20. d4 Ke8 21. Kf2 c5 22. d5 b5 23. Ne2 Ke7 24. Rc1 c4 25. Rdc2 Ne8 26. Rc3 Rb6 27. b3 Nd6 28. Ng3 g6 29. f4 f6 30. h4 h5 31. Kf3 Rc8 32. b4 a5 33. f5 gxf5 34. exf5 axb4 35. axb4 Ra6 36. e4 Rg8 37. Nxh5 Ra2 38. Ng3 Rh2 39. Ra3 Rh3 40. Ra7+ Kf8 41. Ra8+ Ne8 42. Rg1 Rxh4 43. d6 Rg7 44. Rd8 Rf4+ 45. Ke3 Rfg4 46. d7 Rxg3+ 47. Rxg3 Rxg3+ 48. Kf2 1-0


[Site "https://www.chess.com"]

[Event "Titled Tuesday Blitz April 18 Early 2023"]
[White "Blokhin, Sofia"]
[Black "Vlassov, Nikolai"]
[WhiteFideId "4508190"]
[BlackFideId "4103360"]
[WhiteElo "1994"]
[BlackElo "2324"]
[Result "1-0"]
[Round "01"]
[TimeControl "180+2"]
[Date "2023.04.18"]
[WhiteClock "0:00:15"]
[BlackClock "0:00:01"]

1. d4 Nf6 2. c4 Nc6 3. Nc3 e5 4. d5 Ne7 5. e4 Ng6 6. f3 Bc5 7. Qd3 O-O 8. Bg5 h6 9. Be3 Qe7 10. g3 c6 11. O-O-O cxd5 12. cxd5 Bxe3+ 13. Qxe3 d6 14. Kb1 Nd7 15. h4 Rd8 16. h5 Ngf8 17. Nh3 Nc5 18. g4 f6 19. Ng1 Bd7 20. Nge2 b5 21. Ng3 b4 22. Nce2 a5 23. Nf5 Bxf5 24. exf5 Qb7 25. f4 Re8 26. Bg2 Nfd7 27. Qg3 Qb5 28. Rhe1 Nd3 29. Qxd3 Qb6 30. g5 e4 31. Qd4 Nc5 32. gxf6 Ra7 33. fxg7 Rxg7 34. Rg1 Qb5 35. Bh3 Re7 36. f6 1-0


[Site "https://www.chess.com"]

[Event "Titled Tuesday Blitz April 18 Early 2023"]
[White "Bayramov, Zaur"]
[Black "Nugumanov, Bakhtiyar"]
[WhiteFideId "13405080"]
[BlackFideId "13701797"]
[WhiteElo "2195"]
[BlackElo "2209"]
[Result "0-1"]
[Round "01"]
[TimeControl "180+2"]
[Date "2023.04.18"]
[WhiteClock "0:01:08"]
[BlackClock "0:00:16"]

1. c4 b6 2. Nc3 Bb7 3. Nf3 c5 4. g3 g6 5. Bg2 Bg7 6. d3 Nc6 7. a3 e6 8. O-O Nge7 9. Rb1 O-O 10. Bd2 a5 11. Qc1 Re8 12. Nb5 d5 13. Bf4 e5 14. Bh6 Bh8 15. cxd5 Nxd5 16. Nc3 Nd4 17. Nxd4 exd4 18. Nxd5 Bxd5 19. Bxd5 Qxd5 20. Re1 Qh5 21. Qg5 Qxg5 22. Bxg5 Re6 23. a4 Rae8 24. Kf1 Bf6 25. Bd2 Kg7 26. b3 Be5 27. e4 dxe3 28. Rxe3 Bd4 29. Rxe6 Rxe6 30. Re1 Rxe1+ 31. Kxe1 Kf6 32. Ke2 Kf5 33. f4 Kg4 34. Bc1 Kh3 35. Kf3 f5 36. Bd2 Kxh2 37. g4 Kh3 38. g5 Kh2 39. Bc1 Kg1 40. Ke2 Kg2 41. Bd2 Kg3 42. Bc1 Kg4 43. Bd2 Bg1 44. Be3 Bxe3 45. Kxe3 Kg3 0-1


[Site "https://www.chess.com"]

[Event "Titled Tuesday Blitz April 18 Early 2023"]
[White "Inepton_Fermion"]
[Black "Yelisieiev, Yevhenii"]
[BlackFideId "14139642"]
[WhiteElo "2250"]
[BlackElo "2425"]
[Result "0-1"]
[Round "01"]
[TimeControl "180+2"]
[Date "2023.04.18"]
[WhiteClock "0:00:04"]
[BlackClock "0:00:15"]

1. e4 d6 2. d4 Nf6 3. Nc3 e5 4. dxe5 dxe5 5. Qxd8+ Kxd8 6. Bc4 Ke8 7. f3 c6 8. Be3 b5 9. Bb3 a5 10. a4 b4 11. Nb1 Nbd7 12. Nd2 Bc5 13. Bxc5 Nxc5 14. Bc4 Ke7 15. b3 Rd8 16. O-O-O Nfd7 17. h4 Nb6 18. Be2 Ne6 19. Nc4 Rxd1+ 20. Kxd1 Nxc4 21. Bxc4 Nd4 22. Ne2 Be6 23. Nxd4 Rd8 24. Bxe6 Rxd4+ 25. Ke2 Kxe6 26. Rd1 Rxd1 27. Kxd1 c5 28. Ke2 c4 29. Kd2 Kd6 30. h5 Kc5 31. Ke3 h6 32. g3 g6 33. g4 g5 34. Ke2 Kd4 35. Kd2 f6 36. c3+ bxc3+ 37. Kc2 cxb3+ 0-1


[Site "https://www.chess.com"]

[Event "Titled Tuesday Blitz April 18 Early 2023"]
[White "Sreyas Payyappat"]
[Black "Kohler, Aran"]
[WhiteFideId "46674969"]
[BlackFideId "1002856"]
[WhiteElo "2083"]
[BlackElo "2250"]
[Result "1-0"]
[Round "01"]
[TimeControl "180+2"]
[Date "2023.04.18"]
[WhiteClock "0:01:37"]
[BlackClock "0:01:27"]

1. e4 c6 2. d4 d5 3. Nc3 dxe4 4. Nxe4 Bf5 5. Ng3 Bg6 6. Nf3 Nd7 7. h4 h6 8. Bd3 Bxd3 9. Qxd3 e6 10. Bd2 Ngf6 11. O-O-O Be7 12. Ne4 a5 13. Rde1 Nxe4 14. Qxe4 Nf6 15. Qe2 a4 16. c4 a3 17. b3 O-O 18. Bc3 b5 19. Ne5 Qc7 20. g4 Nd7 21. g5 Nxe5 22. dxe5 hxg5 23. hxg5 Bxg5+ 24. Kb1 bxc4 25. Qh5 Bh6 26. Reg1 Kh7 27. Rxg7+ 1-0


[Site "https://www.chess.com"]

[Event "Titled Tuesday Blitz April 18 Early 2023"]
[White "Schuh, Karsten"]
[Black "Sousa, Andre Ventura"]
[WhiteFideId "4637950"]
[BlackFideId "1917617"]
[WhiteElo "2138"]
[BlackElo "2348"]
[Result "1-0"]
[Round "01"]
[TimeControl "180+2"]
[Date "2023.04.18"]
[WhiteClock "0:00:48"]
[BlackClock "0:00:07"]

1. Nf3 Nf6 2. c4 e6 3. g3 d5 4. Bg2 Be7 5. O-O O-O 6. b3 b6 7. Bb2 Bb7 8. e3 c5 9. Qe2 Nc6 10. Nc3 d4 11. exd4 cxd4 12. Nb5 Bc5 13. d3 a6 14. Na3 Qd6 15. Nc2 e5 16. Rfe1 Rfe8 17. a3 a5 18. Ng5 h6 19. Ne4 Nxe4 20. Bxe4 Rad8 21. Rad1 Qe7 22. Qf3 Rd7 23. Bxc6 Bxc6 24. Qxc6 Rd6 25. Qf3 Rf6 26. Qg2 h5 27. Bxd4 Bxd4 28. Nxd4 Qxa3 29. Nf3 Qxb3 30. Ng5 a4 31. Ne4 Rg6 32. Qf3 Rd8 33. Re3 f5 34. Nd2 Qc2 35. Nf1 Rgd6 36. Rd2 Qc3 37. Qxf5 a3 38. Rf3 Qc1 39. Qf7+ Kh8 40. Qxh5+ Rh6 41. Qxe5 Rg8 42. h4 Ra8 43. Qd5 Re8 44. Qf7 Rhe6 45. Qh5+ Kg8 46. Qf7+ Kh7 47. Kg2 R8e7 48. Qf5+ g6 49. Qf8 Rg7 50. Rf7 Qa1 51. Rxg7+ Qxg7 52. Qxa3 Re1 53. Qd6 Qb7+ 54. Qd5 Qe7 55. Ne3 Qf6 56. Qf3 Rg1+ 57. Kxg1 Qxf3 58. d4 Qe4 59. d5 Qb1+ 60. Kh2 Qc1 61. Rd1 Qb2 62. Kg1 Qf6 63. d6 Qd8 64. d7 Kg7 65. Ng4 g5 66. hxg5 b5 67. cxb5 Kg6 68. Ne5+ Kf5 69. Nc6 Qb6 70. d8=Q Qc5 71. Qf6+ Kg4 72. Qf4+ Kh5 73. Qh4+ Kg6 74. Qh6+ Kf5 75. Nd4+ Ke4 76. Qe6+ Qe5 77. Qxe5+ Kxe5 78. g6 Kf6 79. b6 Kg5 80. b7 Kg4 81. g7 Kh3 82. b8=Q Kg4 83. g8=Q+ Kh3 84. Qbc8# 1-0


[Site "https://www.chess.com"]

[Event "Titled Tuesday Blitz April 18 Early 2023"]
[White "MKlose11"]
[Black "Ruge, Edison"]
[BlackFideId "4401000"]
[WhiteElo "2577"]
[BlackElo "2175"]
[Result "1-0"]
[Round "01"]
[TimeControl "180+2"]
[Date "2023.04.18"]
[WhiteClock "0:01:29"]
[BlackClock "0:00:26"]

1. e4 e5 2. Nf3 Nc6 3. d4 exd4 4. Bc4 d6 5. O-O Be7 6. Nxd4 Nxd4 7. Qxd4 Nf6 8. Nc3 O-O 9. Bf4 Be6 10. Bxe6 fxe6 11. e5 Ne8 12. exd6 cxd6 13. Bg3 Qa5 14. Qe4 Qf5 15. Qxb7 d5 16. Qxa8 d4 17. Ne4 Kh8 18. Qb7 Nf6 19. Nxf6 1-0


[Site "https://www.chess.com"]

[Event "Titled Tuesday Blitz April 18 Early 2023"]
[White "Putri, Regita Desyari"]
[Black "Lenaerts, Lennert"]
[WhiteFideId "7109083"]
[BlackFideId "211435"]
[WhiteElo "1930"]
[BlackElo "2334"]
[Result "0-1"]
[Round "01"]
[TimeControl "180+2"]
[Date "2023.04.18"]
[WhiteClock "0:00:04"]
[BlackClock "0:01:38"]

1. d4 Nf6 2. c4 c5 3. Nf3 cxd4 4. Nxd4 e6 5. g3 Nc6 6. Bg2 Bb4+ 7. Nc3 Qa5 8. Nb5 O-O 9. O-O a6 10. Nd6 Qc7 11. Nde4 Nxe4 12. Nxe4 d5 13. Bf4 Qa5 14. cxd5 exd5 15. Nd6 g5 16. Bxg5 Bxd6 17. Bxd5 Be5 18. Rb1 Be6 19. Bxe6 fxe6 20. Qb3 Qd5 21. Qxd5 exd5 22. Rfd1 d4 23. a3 Rac8 24. b4 Bg7 25. Bf4 Rf5 26. Rbc1 Re8 27. e3 dxe3 28. fxe3 Rf7 29. Rc2 Be5 30. Rd5 Rfe7 31. Kg2 Bc7 32. Rg5+ Kh8 33. a4 Bxf4 34. exf4 Nxb4 35. Rb2 Re2+ 36. Rxe2 Rxe2+ 37. Kf3 Rxh2 38. Rc5 Nc6 39. Rd5 Ra2 40. Rd7 Rxa4 41. Rxb7 Rb4 0-1


[Site "https://www.chess.com"]

[Event "Titled Tuesday Blitz April 18 Early 2023"]
[White "AyMitecK"]
[Black "Larina, Maria"]
[BlackFideId "24113182"]
[WhiteElo "2574"]
[BlackElo "1848"]
[Result "1-0"]
[Round "01"]
[TimeControl "180+2"]
[Date "2023.04.18"]
[WhiteClock "0:01:36"]
[BlackClock "0:00:21"]

1. e4 c6 2. d4 d5 3. f3 Qb6 4. Nc3 dxe4 5. fxe4 e5 6. dxe5 Be6 7. Nf3 Nd7 8. Ng5 O-O-O 9. Nxe6 fxe6 10. Bc4 Kb8 11. Bxe6 Nc5 12. Qg4 h5 13. Qh3 Re8 14. Bb3 Nxb3 15. axb3 Bb4 16. Be3 c5 17. O-O Bxc3 18. bxc3 Qc6 19. b4 Qxe4 20. Bxc5 b6 21. Bd6+ Ka8 22. Rxa7+ Kxa7 23. Qd7+ Qb7 24. Ra1# 1-0


[Site "https://www.chess.com"]

[Event "Titled Tuesday Blitz April 18 Early 2023"]
[White "Bashirli, Saadat"]
[Black "Ibadov, Dashgyn"]
[WhiteFideId "13429990"]
[BlackFideId "24107514"]
[WhiteElo "1408"]
[BlackElo "2208"]
[Result "0-1"]
[Round "01"]
[TimeControl "180+2"]
[Date "2023.04.18"]
[WhiteClock "0:01:56"]
[BlackClock "0:02:08"]

1. e4 e6 2. d4 d5 3. Nc3 Nf6 4. Bg5 h6 5. Bxf6 Qxf6 6. exd5 Bb4 7. dxe6 Bxe6 8. Bd3 Nc6 9. Ne2 O-O-O 10. Be4 Nxd4 11. Nxd4 Rxd4 12. Qe2 Bxc3+ 13. bxc3 Rxe4 14. Qxe4 Qxc3+ 15. Ke2 Bc4+ 16. Qxc4 Qxc4+ 17. Kd1 Qd4+ 18. Ke2 Re8+ 19. Kf3 Re6 20. g4 Rf6+ 21. Kg3 Qxf2+ 22. Kh3 Rf3# 0-1


[Site "https://www.chess.com"]

[Event "Titled Tuesday Blitz April 18 Early 2023"]
[White "djokovic74"]
[Black "Antonova, Nadezhda"]
[BlackFideId "14700182"]
[WhiteElo "2570"]
[BlackElo "1765"]
[Result "1-0"]
[Round "01"]
[TimeControl "180+2"]
[Date "2023.04.18"]
[WhiteClock "0:00:13"]
[BlackClock "0:00:16"]

1. d4 Nf6 2. Nf3 g6 3. g3 Bg7 4. Bg2 O-O 5. O-O d6 6. c4 Nc6 7. Nc3 a6 8. Re1 Rb8 9. d5 Na5 10. Qd3 c5 11. dxc6 Nxc6 12. b3 Bf5 13. Qe3 Ng4 14. Qd2 b5 15. cxb5 axb5 16. Bb2 Qb6 17. e4 Bd7 18. Nd5 Qd8 19. Bxg7 Kxg7 20. h3 Nge5 21. Nxe5 dxe5 22. Rac1 e6 23. Nb4 Nd4 24. Nc2 Qb6 25. Nxd4 exd4 26. e5 Rfc8 27. Rcd1 Ra8 28. Bxa8 Rxa8 29. Qxd4 Qxd4 30. Rxd4 Bc6 31. Rc1 Bd5 32. Rc2 h5 33. f4 Ra7 34. Kf2 f6 35. exf6+ Kxf6 36. h4 Kf5 37. Rdd2 Rb7 38. Rc5 Kf6 39. Ke3 Bh1 40. Rd6 Bg2 41. Re5 Bh3 42. Kd4 Ra7 43. Rxb5 Rxa2 44. Kc3 Rg2 45. Rd3 Rg1 46. Rg5 Bf1 47. Rd1 Rh1 48. b4 Bg2 49. Rxh1 Bxh1 50. b5 Be4 51. b6 Ke7 52. Rb5 Bb7 53. Rc5 Kd6 54. Kd4 Ba6 55. Rc7 1-0


[Site "https://www.chess.com"]

[Event "Titled Tuesday Blitz April 18 Early 2023"]
[White "Floresvillar Gonzalez, Luis Migu"]
[Black "Dixit, Nikhil"]
[WhiteFideId "5100542"]
[BlackFideId "5059534"]
[WhiteElo "2040"]
[BlackElo "2207"]
[Result "0-1"]
[Round "01"]
[TimeControl "180+2"]
[Date "2023.04.18"]
[WhiteClock "0:02:00"]
[BlackClock "0:00:36"]

1. e4 c5 2. d4 cxd4 3. c3 dxc3 4. Nxc3 Nc6 5. Nf3 d6 6. Bc4 e6 7. O-O Nf6 8. Qe2 Be7 9. Rd1 Qa5 10. Bd2 Qh5 11. Bf4 e5 12. Bg5 Bg4 13. Bxf6 gxf6 14. Nd5 Rc8 15. Rd3 Nd4 16. Qd1 Bxf3 17. gxf3 Rg8+ 18. Kf1 Qh3+ 19. Ke1 Rg1+ 20. Kd2 Rxd1+ 21. Rxd1 Rxc4 0-1


[Site "https://www.chess.com"]

[Event "Titled Tuesday Blitz April 18 Early 2023"]
[White "wqws"]
[Black "Kuchava, Ana"]
[BlackFideId "13605348"]
[WhiteElo "2568"]
[BlackElo "2001"]
[Result "1-0"]
[Round "01"]
[TimeControl "180+2"]
[Date "2023.04.18"]
[WhiteClock "0:02:06"]
[BlackClock "0:00:02"]

1. e4 c5 2. Nf3 d6 3. d3 Nc6 4. Nc3 Nf6 5. d4 cxd4 6. Nxd4 Qb6 7. Nb3 Ng4 8. Qe2 g6 9. f3 Nge5 10. Be3 Qc7 11. Qd2 Be6 12. Nd5 Bxd5 13. exd5 Nb8 14. Bb5+ Nbd7 15. Bd4 Bg7 16. f4 Nc4 17. Bxc4 Bxd4 18. Qxd4 O-O 19. Bd3 Nf6 20. O-O Rac8 21. c4 a6 22. a4 b5 23. axb5 axb5 24. cxb5 Rb8 25. Rfc1 Qb7 26. Na5 Qxd5 27. Qxd5 Nxd5 28. Nc6 Rb7 29. g3 e6 30. Ra7 Rxa7 31. Nxa7 Rb8 32. Nc6 Rb6 33. Ra1 Nc7 34. Ra7 Nxb5 35. Bxb5 Rxb5 36. b4 Kg7 37. Nd4 Rxb4 38. Nxe6+ Kf6 39. Ng5 Rb1+ 40. Kg2 Rb2+ 41. Kf3 Rxh2 42. Rxf7# 1-0


[Site "https://www.chess.com"]

[Event "Titled Tuesday Blitz April 18 Early 2023"]
[White "Aanna12"]
[Black "Ezat, Mohamed"]
[BlackFideId "10600906"]
[WhiteElo "2199"]
[BlackElo "2386"]
[Result "0-1"]
[Round "01"]
[TimeControl "180+2"]
[Date "2023.04.18"]
[WhiteClock "0:00:07"]
[BlackClock "0:00:46"]

1. e4 c6 2. d3 d5 3. Nd2 e5 4. Ngf3 Bd6 5. g3 f5 6. Bg2 Nf6 7. O-O O-O 8. Re1 Qc7 9. exf5 Bxf5 10. Nf1 Na6 11. c3 Nc5 12. d4 exd4 13. Nxd4 Bd7 14. Ne3 Nfe4 15. Rf1 Rae8 16. b4 Ne6 17. Qd3 Nxd4 18. cxd4 Bxb4 19. Rb1 Bd6 20. Qb3 b5 21. Nxd5 cxd5 22. Qxd5+ Be6 23. Qxe4 Bxa2 24. Qd3 Bc4 25. Qc2 Bxf1 26. Qxc7 Bxc7 27. Kxf1 Bb6 28. Be3 Rxe3 0-1


[Site "https://www.chess.com"]

[Event "Titled Tuesday Blitz April 18 Early 2023"]
[White "arpita_chess"]
[Black "Ciuffoletti, Paolo"]
[BlackFideId "807630"]
[WhiteElo "2565"]
[BlackElo "2143"]
[Result "1-0"]
[Round "01"]
[TimeControl "180+2"]
[Date "2023.04.18"]
[WhiteClock "0:01:37"]
[BlackClock "0:00:14"]

1. e4 c5 2. Nf3 Nc6 3. Bb5 e6 4. O-O Nge7 5. d4 cxd4 6. Nxd4 Ng6 7. Be3 Be7 8. c4 Nxd4 9. Bxd4 O-O 10. Nc3 d6 11. Ba4 b6 12. Bc2 Bb7 13. f4 Rc8 14. b3 Nxf4 15. Bxg7 Kxg7 16. Rxf4 Rc5 17. Qf3 Rg5 18. Rf1 f5 19. Qf2 fxe4 20. Rf7+ Kg8 21. Bxe4 Bxe4 22. Nxe4 Rg7 23. Rxf8+ Qxf8 24. Qxf8+ Bxf8 25. Nf6+ Kh8 26. Ne8 Rg8 27. Rf7 Bh6 28. Nf6 Bg7 29. Nxg8 Kxg8 30. Rxa7 Bd4+ 31. Kf1 b5 32. Ra8+ 1-0


[Site "https://www.chess.com"]

[Event "Titled Tuesday Blitz April 18 Early 2023"]
[White "Sandoval Mercado, Carlos"]
[Black "Osinenko, Anton"]
[WhiteFideId "5109434"]
[BlackFideId "4158970"]
[WhiteElo "2257"]
[BlackElo "2294"]
[Result "1-0"]
[Round "01"]
[TimeControl "180+2"]
[Date "2023.04.18"]
[WhiteClock "0:00:10"]
[BlackClock "0:00:17"]

1. d4 Nf6 2. Nf3 b6 3. c4 Bb7 4. Nc3 e6 5. a3 Be7 6. Qc2 O-O 7. e4 d5 8. cxd5 exd5 9. e5 Ne4 10. Bd3 f5 11. exf6 Nxf6 12. Ng5 Nc6 13. Ne6 Qd6 14. Nxf8 Nxd4 15. Qa4 c5 16. Nxh7 Nxh7 17. Be3 Bf6 18. O-O Ng5 19. Rad1 Rf8 20. Bxd4 Bxd4 21. Ne2 Bxb2 22. Qh4 Qf6 23. Qh5 Bxa3 24. Bg6 Rd8 25. f4 Nf7 26. Ng3 Nh6 27. Nf5 Rd7 28. Rde1 Rd8 29. Nxh6+ gxh6 30. Qxh6 Bc6 31. Qh7+ Kf8 32. Re5 Bd7 33. Rfe1 Bb2 34. Re7 Bd4+ 35. Kh1 Bc6 36. Rf7+ 1-0


[Site "https://www.chess.com"]

[Event "Titled Tuesday Blitz April 18 Early 2023"]
[White "Camacho Collados, Jose"]
[Black "Thiel, Thomas"]
[WhiteFideId "2265427"]
[BlackFideId "4615964"]
[WhiteElo "2198"]
[BlackElo "2178"]
[Result "1-0"]
[Round "01"]
[TimeControl "180+2"]
[Date "2023.04.18"]
[WhiteClock "0:01:35"]
[BlackClock "0:01:59"]

1. Nf3 Nf6 2. d4 g6 3. Bg5 Bg7 4. Nbd2 O-O 5. e4 d5 6. e5 Ne4 7. Bh4 c5 8. Bd3 Nc6 9. Nxe4 dxe4 10. Bxe4 Nxd4 11. O-O Nxf3+ 12. Qxf3 Qc7 13. Bg3 Bxe5 14. Bxe5 Qxe5 15. c3 Qc7 16. Rfe1 Rb8 17. h4 b6 18. h5 Qe5 19. Bxg6 hxg6 20. Rxe5 1-0


[Site "https://www.chess.com"]

[Event "Titled Tuesday Blitz April 18 Early 2023"]
[White "Sailer, Mike"]
[Black "Han, Yichen"]
[WhiteFideId "2012901"]
[BlackFideId "1054430"]
[WhiteElo "2109"]
[BlackElo "2342"]
[Result "0-1"]
[Round "01"]
[TimeControl "180+2"]
[Date "2023.04.18"]
[WhiteClock "0:00:08"]
[BlackClock "0:00:24"]

1. d4 d5 2. Bg5 f6 3. Bd2 Nc6 4. c3 e5 5. dxe5 fxe5 6. g3 Nf6 7. Bg2 Bc5 8. Nh3 O-O 9. O-O Bg4 10. Bg5 e4 11. Nf4 Ne7 12. h3 Bf5 13. g4 Bc8 14. Nd2 e3 15. fxe3 Bxe3+ 16. Kh1 c6 17. Nb3 h6 18. Bxf6 Rxf6 19. Nh5 Rxf1+ 20. Qxf1 Be6 21. Nd4 Bf7 22. Ng3 Bxd4 23. cxd4 Qd6 24. Nf5 Nxf5 25. Qxf5 Re8 26. Rf1 Bg6 27. Qf2 Qe7 28. Re1 Rf8 29. Qg3 Be4 30. Kg1 Bxg2 31. Kxg2 Qe4+ 32. Kh2 Qxd4 33. Kg2 Qxb2 34. g5 hxg5 35. Qxg5 Qd4 36. Rf1 Qe4+ 37. Kg1 Qd4+ 38. Kg2 Rxf1 39. Kxf1 Qf6+ 40. Qxf6 gxf6 41. Kf2 b5 42. Kf3 a5 0-1


[Site "https://www.chess.com"]

[Event "Titled Tuesday Blitz April 18 Early 2023"]
[White "Janaszak, Dawid"]
[Black "mrithyunjay"]
[WhiteFideId "1119206"]
[WhiteElo "2220"]
[BlackElo "2169"]
[Result "1-0"]
[Round "01"]
[TimeControl "180+2"]
[Date "2023.04.18"]
[WhiteClock "0:01:17"]
[BlackClock "0:00:09"]

1. e4 c5 2. Nc3 d6 3. f4 g6 4. Nf3 Bg7 5. Bc4 Nc6 6. O-O e6 7. d4 cxd4 8. Nb5 Nge7 9. Bb3 O-O 10. Nbxd4 Nxd4 11. Nxd4 Nc6 12. c3 Bd7 13. Be3 a6 14. f5 exf5 15. exf5 Nxd4 16. Bxd4 Bxf5 17. Bxg7 Kxg7 18. Qd4+ Qf6 19. Qxf6+ Kxf6 20. g4 Rfe8 21. gxf5 gxf5 22. Rad1 Re2 23. Rf2 Rg8+ 24. Kf1 Rxf2+ 25. Kxf2 Ke5 26. Bxf7 Rf8 27. Bb3 Rf6 28. Kf3 Rh6 29. Rd5+ Ke6 30. h4 Kd7 31. Rd4 b5 32. Bc2 Rh5 33. a4 bxa4 34. Rxa4 Ke6 35. Kg3 Ke5 36. Ra5+ Ke6 37. Rxa6 Ke5 38. Ra5+ Ke6 39. b4 f4+ 40. Kg4 Re5 41. Kxf4 Re2 42. Bxh7 Rf2+ 43. Ke3 Rc2 44. Bxc2 d5 45. h5 Kf6 46. Rxd5 Kf7 47. b5 Kg7 48. b6 Kh6 49. c4 Kg7 50. b7 Kh6 51. b8=Q Kg7 52. Qe5+ Kh6 53. Rd6# 1-0


[Site "https://www.chess.com"]

[Event "Titled Tuesday Blitz April 18 Early 2023"]
[White "dDobravcan"]
[Black "Moksh Amit Doshi"]
[BlackFideId "25064967"]
[WhiteElo "2161"]
[BlackElo "2297"]
[Result "0-1"]
[Round "01"]
[TimeControl "180+2"]
[Date "2023.04.18"]
[WhiteClock "0:00:10"]
[BlackClock "0:01:09"]

1. d4 Nf6 2. Nc3 d5 3. Bf4 c5 4. e3 cxd4 5. exd4 a6 6. Bd3 Nc6 7. Nf3 Bg4 8. Be2 e6 9. h3 Bh5 10. a3 Bd6 11. Qd2 O-O 12. O-O-O b5 13. Ne5 b4 14. Nxc6 bxc3 15. Qe3 Bxf4 16. Qxf4 Qb6 17. Nb4 Bxe2 18. Rde1 cxb2+ 19. Kb1 a5 20. Na2 Bc4 21. Nc3 Rac8 22. Re3 Qc7 23. Qg5 Qd6 24. Rg3 Ne8 25. Nd1 Rb8 26. Nxb2 Qb6 27. Qc1 Qxd4 28. Rd1 Rxb2+ 29. Qxb2 Qxd1+ 30. Qc1 Qxc1+ 0-1


[Site "https://www.chess.com"]

[Event "Titled Tuesday Blitz April 18 Early 2023"]
[White "Gontcharov, Vladislav"]
[Black "hsd2016"]
[WhiteFideId "4123492"]
[WhiteElo "2420"]
[BlackElo "2160"]
[Result "1-0"]
[Round "01"]
[TimeControl "180+2"]
[Date "2023.04.18"]
[WhiteClock "0:00:02"]
[BlackClock "0:00:08"]

1. d4 Nf6 2. c4 c5 3. d5 b5 4. cxb5 a6 5. b6 e6 6. Nc3 Qxb6 7. e4 exd5 8. exd5 d6 9. h3 Be7 10. Nf3 O-O 11. Bd3 Re8 12. O-O h6 13. Qc2 Bb7 14. Rd1 Nbd7 15. Bf4 Qc7 16. Rac1 Rac8 17. Bc4 Nb6 18. b3 Qd7 19. Qd3 Ra8 20. Bh2 Nh7 21. Rc2 Ng5 22. Nd2 Nh7 23. Nde4 Nf6 24. Ng3 Bc8 25. Re2 Ra7 26. Rde1 Nxc4 27. bxc4 Bf8 28. Rxe8 Nxe8 29. Nge4 Qd8 30. g4 Re7 31. Re2 f5 32. gxf5 Bxf5 33. Qf3 Rf7 34. Qg3 Qd7 35. h4 Bg4 36. Re3 h5 37. Ng5 Re7 38. Nce4 Re5 39. Nxc5 Rxe3 40. Nxd7 Rxg3+ 41. Bxg3 Be7 42. Nb8 Be2 43. Nc6 Bxg5 44. hxg5 Bxc4 45. f3 Bxd5 46. Ne7+ Kf7 47. Nxd5 Ke6 48. Ne3 d5 49. f4 d4 50. Ng2 Nd6 51. Kf2 Ne4+ 52. Kf3 Kd5 53. Be1 g6 54. Nh4 Nc5 55. Nxg6 Kc4 56. f5 d3 57. f6 Ne6 58. Ne5+ Kd4 59. Nxd3 Kxd3 60. g6 h4 61. g7 Ng5+ 62. Kg4 Ne4 63. Bxh4 1-0


[Site "https://www.chess.com"]